 Dungeon Crawl Stone Soup version 0.26-a0-6-g448add79b7 (webtiles) character file.

Game seed: 12422945162157586130, levelgen mode: deterministic

48 P0NYSLAYSTATION the Cudgeler (level 3, 0/33 HPs)
             Began as a Minotaur Monk on May 24, 2020.
             Succumbed to an adder's poison
             ... on level 3 of the Dungeon.
             The game lasted 00:01:00 (323 turns).

P0NYSLAYSTATION the Cudgeler (Minotaur Monk)         Turns: 323, Time: 00:01:00

Health: 0/33       AC:  2    Str: 16    XL:     3   Next: 50%
Magic:  2/2        EV: 13    Int:  7    God:
Gold:   18         SH:  0    Dex: 12    Spells: 2/2 levels left

rFire    . . .     SeeInvis .   a - +0 mace
rCold    . . .     Gourm    .   (no shield)
rNeg     . . .     Faith    .   b - +0 robe
rPois    .         Spirit   .   (helmet restricted)
rElec    .         Reflect  .   (no cloak)
rCorr    .         Harm     .   (no gloves)
MR       .....                  (no boots)
Stlth    ++........             (no amulet)
HPRegen  0.11/turn              (no ring)
MPRegen  0.08/turn              (no ring)

@: lethally poisoned (0 -> -13)
A: retaliatory headbutt, horns 2
a: no special abilities


You were on level 3 of the Dungeon.
You were not hungry.

You visited 1 branch of the dungeon, and saw 4 of its levels.

You collected 18 gold pieces.

Inventory:

Hand Weapons
 a - a +0 mace (weapon)
Armour
 b - a +0 robe (worn)
Scrolls
 d - a scroll of teleportation {unknown}
 e - a scroll of amnesia {unknown}
Comestibles
 c - a ration


   Skills:
 + Level 4.2 Fighting
 + Level 4.3 Maces & Flails
 + Level 3.9 Dodging
 + Level 1.8 Stealth


You had 2 spell levels left.
You didn't know any spells.
Your spell library was empty.

Dungeon Overview and Level Annotations

Branches:
Dungeon (4/15)
 Temple: D:4-7

Altars:

Annotations:
D:4 Sigmund


Innate Abilities, Weirdness & Mutations

You reflexively headbutt those who attack you in melee.
You have a pair of horns on your head.


Message History

You miss the adder.
The adder is almost dead.
* * * LOW HITPOINT WARNING * * *
You feel sick. The adder bites you.
* * * LOW HITPOINT WARNING * * *
The adder bites you.
* * * LOW HITPOINT WARNING * * *
You are more poisoned.
The adder poisons you!
You sock the adder!
You kill the adder!
* * * LOW HITPOINT WARNING * * *
You feel sick. The jackal barely misses you. The jackal bites you.
* * * LOW HITPOINT WARNING * * *
You closely miss the jackal. Your headbutt misses the jackal.
* * * LOW HITPOINT WARNING * * *
You feel sick. The jackal barely misses you.
You thump the jackal!
You kill the jackal!
You die...

. #..
#.#.####
..... .#(#..
....( <....
...... #.#.#
......
#.#.###...).
#)#......#
#...††.#
#....@.#
#.<....#
#........#
#........#
#........#
..........#
.##........#
....####.#
....# .≈


There were no monsters in sight!

Vanquished Creatures
  A worker ant (D:4)
  2 adders (D:3)
  A leopard gecko (D:3)
  2 goblins (D:3)
  A jackal (D:3)
  A bat (D:3)
  A frilled lizard (D:3)
9 creatures vanquished.

Notes
Turn   | Place    | Note
-------+----------+-------------------------------------------
     0 | D:1      | P0NYSLAYSTATION the Minotaur Monk began the quest for the
                  | Orb.
     0 | D:1      | Reached XP level 1. HP: 19/19 MP: 0/0
    72 | D:3      | Reached XP level 2. HP: 23/27 MP: 1/1
   145 | D:4      | Reached XP level 3. HP: 26/33 MP: 2/2
   308 | D:4      | Noticed Sigmund
   322 | D:3      | HP: 1/33 [poisoned by an adder]
   323 | D:3      | Succumbed to an adder's poison

Illustrated notes

Levels and vault maps discovered:
D:1:      shiori_arrival_elements, layout_basic, minivault_26,
          kennysheep_nondescript
D:2:      layout_loops_ring, lemuel_zombie_altar_yredelemnul
D:3:      wad_crossroads, layout_basic, gup_sewer_entry_pipe
D:4:      layout_basic, vehumet_altar_wand_db, kennysheep_generic_room_4,
          uniq_sigmund

Skill      XL: |  1  2 |
---------------+-------+-----
Maces & Flails | 4 |  4.3
Fighting       | 4 |  4.2
Dodging        | |  3.9
Stealth        | |  1.8

Action                   || total
-------------------------++-------
Melee: Mace              ||    19
       Headbutt          ||     1
Armor: Robe              ||     2
Dodge: Dodged            ||    20

Table legend:
 A = Non-vault XP
 B = Vault XP
 C = Vault XP percentage of total XP
 D = Non-vault monster count
 E = Vault monster count
 F = Vault count percentage of total count
                 A         B        C        D         E       F
            +---------+---------+-------+---------+---------+-------
      Total |      69 |       0 |   0.0 |       9 |       0 |   0.0
            +---------+---------+-------+---------+---------+-------
        D:3 |      37 |       0 |   0.0 |       8 |       0 |   0.0
        D:4 |      32 |       0 |   0.0 |       1 |       0 |   0.0
            +---------+---------+-------+---------+---------+-------
